 Dungeon Crawl Stone Soup version 0.29.1-15-g9cfb28693d (webtiles) character file.

Game seed: 16667312343284063712

9466 javelincjr the Fighter (level 11, -1/75 HPs)
             Began as a Djinni Conjurer on Mar 8, 2023.
             Was a Follower of Hepliaklqana.
             Slain by a yak (11 damage)
             ... on level 9 of the Dungeon.
             The game lasted 00:42:57 (13187 turns).

javelincjr the Fighter (Djinni Conjurer)           Turns: 13187, Time: 00:42:58

Health: -1/75      AC:  8    Str: 14    XL:     11   Next: 74%
Gold:   545        EV: 15    Int: 22    God:    Hepliaklqana [*.....] SH:  0 Dex: 12

rFire   + + .      SeeInvis .   t - +0 whip (venom)
rCold   x . .      Faith    .   (no shield)
rNeg    . . .      Spirit   .   C - +0 steam dragon scales
rPois   ∞          Reflect  .   (no helmet)
rElec   .          Harm     .   o - +1 cloak
rCorr   .          Rampage  .   (no gloves)
Will    +....                   (boots unavailable)
Stlth   +++.......              (no amulet)
HPRegen 0.22/turn               m - +6 ring of strength
MPRegen 0.00/turn               (no ring)

@: flying
A: reduced essence, sickness immunity, fire resistance 2, cold vulnerability 1,
float, innate caster, HP casting, extra vitality 1
a: Renounce Religion, Recall Ancestor, Ancestor Identity


You were on level 9 of the Dungeon.
You worshipped Hepliaklqana.
Hepliaklqana was aware of your devotion.
You visited 2 branches of the dungeon, and saw 10 of its levels.
You also visited: Sewer.

You collected 545 gold pieces.

Inventory:

Hand Weapons
 g - a +0 dagger of protection
 n - a +0 antimagic short sword
 t - a +0 whip of venom (weapon)
 B - a +2 short sword of flaming
 D - a +1 dagger of holy wrath
Armour
 o - a +1 cloak (worn)
 r - a +2 plate armour of cold resistance
 C - +0 steam dragon scales (worn)
Magical Staves
 f - a staff of earth
Jewellery
 m - a +6 ring of strength (left hand)
Wands
 a - a wand of polymorph (5)
 w - a wand of flame (12)
Scrolls
 b - 4 scrolls of magic mapping
 h - 2 scrolls of poison
 j - 3 scrolls of teleportation
 k - 4 scrolls of enchant weapon
 u - 4 scrolls of noise
 v - 2 scrolls of fear {unknown}
 x - 2 scrolls of butterflies {unknown}
 y - a scroll of blinking {unknown}
 E - a scroll of brand weapon {unknown}
 G - a scroll of torment {unknown}
 H - a scroll of immolation {unknown}
Potions
 c - 2 potions of invisibility {unknown}
 d - a potion of brilliance {unknown}
 e - a potion of flight {unknown}
 l - 4 potions of curing {unknown}
 p - 2 potions of haste {unknown}
 q - 2 potions of degeneration {unknown}
 s - 2 potions of magic {unknown}
 z - a potion of mutation {unknown}
 A - a potion of heal wounds {unknown}
 F - a potion of attraction {unknown}


   Skills:
 * Level 9.3 Fighting
 + Level 6.5 Armour
 + Level 7.7 Dodging
 + Level 6.3 Stealth
 * Level 8.1 Spellcasting


You couldn't memorise any spells.
You knew the following spells:

 Your Spells              Type           Power      Damage    Failure   Level
a - Magic Dart            Conj           100%       1d8       1%          1
b - Searing Ray           Conj           88%        2d7       1%          2
c - Dazzling Flash        Conj/Hex       88%        N/A       1%          3
d - Fulminant Prism       Conj/Hex       22%        3d13      2%          4
e - Iskenderun's Mystic   Conj/Tloc      44%        2d10      2%          4
f - Foxfire               Conj/Fire      100%       2x1d9     1%          1
g - Passwall              Tmut/Erth      36%        N/A       1%          2
h - Vampiric Draining     Necr           44%        2d9       1%          3
i - Mephitic Cloud        Conj/Pois/Air  44%        N/A       1%          3
j - Lightning Bolt        Conj/Air       22%        1d37      7%          5
Your spell library was empty.

Dungeon Overview and Level Annotations

Branches:
Dungeon (9/15)             Temple (1/1) D:7            Lair (0/5) D:8
    Orc (0/2) D:9           Sewer (visited)

Altars:
Ashenzari
Cheibriados
Dithmenos
Elyvilon
Fedhas
Gozag
Hepliaklqana
Makhleb
Nemelex Xobeh
Okawaru
Qazlal
Ru
Trog
Uskayaw
Wu Jian
Xom
Yredelemnul
Zin
The Shining One
Lugonu

Shops:
D:3 :

Annotations:
D:7 2 transporters


Innate Abilities, Weirdness & Mutations

Your life essence is reduced to manifest your ancestor. (-10% HP)
You are immune to sickness and miasma.
You are immune to poison.
Your flesh is very heat resistant. (rF++)
You are vulnerable to cold. (rC-)
You float through the air rather than walking.
You learn spells naturally, not from books.
Your magical power is your life essence.
You have superior vitality. (+4 MHP)


Message History

Aiming: Vampiric Draining (safe; 1% risk of failure)
Press: ? - help, Shift-Dir - straight line, f/p - yak
Aim: a yak (moderately wounded)
You draw life force from the yak.
You feel life coursing into your body. The yak gores you! The yak misses you.
The orc warrior hits you from afar with a +0 trident.
Publius barely misses the yak.
Casting: Vampiric Draining (safe; 1% risk of failure)
Confirm with . or Enter, or press ? or * to list all spells.
Aiming: Vampiric Draining (safe; 1% risk of failure)
Press: ? - help, Shift-Dir - straight line, f/p - yak
Aim: a yak (moderately wounded)
You draw life force from the yak!
You feel life coursing into your body.
The yak gores you! x2; The orc warrior misses you.
Publius closely misses the yak.
Casting: Vampiric Draining (safe; 1% risk of failure)
Confirm with . or Enter, or press ? or * to list all spells.
Aiming: Vampiric Draining (safe; 1% risk of failure)
Press: ? - help, Shift-Dir - straight line, f/p - yak
Aim: a yak (severely wounded)
You draw life force from the yak!
You feel life coursing into your body.
The yak closely misses you. x2; The orc warrior completely misses you.
Publius hits the yak!
Casting: Vampiric Draining (safe; 1% risk of failure)
Confirm with . or Enter, or press ? or * to list all spells.
Aiming: Vampiric Draining (safe; 1% risk of failure)
Press: ? - help, Shift-Dir - straight line, f/p - yak
Aim: a yak (almost dead)
You draw life force from the yak!
You kill the yak!
You feel life coursing into your body. The yak gores you.
* * * LOW HITPOINT WARNING * * *
The orc warrior hits you from afar with a +0 trident!
* * * LOW HITPOINT WARNING * * *
Publius hits the yak!
Publius hits the orc warrior.
Okay, then.
As you read the scroll of summoning, it crumbles to dust.
Wisps of shadow whirl around you... The yak gores you!
You die...

....#.. #.#.................#.###
....#.. #.#.................###..
....#.. #.#..#######.............
....#####.#..# #.....##'###.#
..........#..# #.....#....#.#
..........#..# #.....#....#.#
####......#..# #......#....#..
...#.<....#..######†.....#....#..
...#......#.....@YoR.....######..
...#......#.....W......... ...
...#......#.......F.......
...#......#.############..
...#......#.#..........##########
...#......#.#...................#
#+##.....)#.#....................
#........)###............######..
#...........)............# #..


You could see the friendly Publius the ancestor, a yak (ally target), an orc
warrior (ally target), a friendly shadow (summoned) and a friendly bullfrog
(summoned).

Vanquished Creatures
  3 death yaks (D:8)
  2 wyverns
  10 yaks
  4 steam dragons
  3 water moccasins
  An ice beast (D:7)
  6 orc warriors
  2 ogres
  3 sky beasts
  A centaur (D:9)
  10 kobold brigands
  8 bullfrogs
  3 scorpions
  A necrophage (D:6)
  8 wights
  A water moccasin skeleton (D:5)
  16 killer bees
  4 electric eels (D:8)
  A howler monkey (D:9)
  A centaur zombie (D:5)
  A bullfrog skeleton (D:5)
  9 orc priests
  3 hounds
  A jelly (D:6)
  A centaur skeleton (D:5)
  A gnoll bouda (D:7)
  6 iguanas
  2 orc wizards (D:5)
  3 scorpion zombies (D:5)
  A hound zombie (D:5)
  A howler monkey zombie (D:5)
  A howler monkey skeleton (D:5)
  15 adders
  2 river rats (Sewer)
  2 shadow imps (D:7)
  4 white imps
  6 worms
  3 dart slugs (D:4)
  42 orcs
  9 endoplasms
  3 giant cockroaches
  6 goblins
  5 hobgoblins
  5 jackals
  3 quokkas
  10 ball pythons
  8 bats
  A frilled lizard (D:2)
  28 kobolds
  7 rats
  A foxfire (D:9)
278 creatures vanquished.

Vanquished Creatures (collateral kills)
  A bullfrog (D:9)
  2 orcs (D:9)
  8 foxfires
11 creatures vanquished.

Vanquished Creatures (others)
  An electric eel (D:8)
  3 ancestors (D:9)
  808 foxfires
  4 fulminant prisms
  14 plants (D:8)
  4 withered plants (D:5)
834 creatures vanquished.

Grand Total: 1123 creatures vanquished

Notes
Turn   | Place    | Note
-------+----------+-------------------------------------------
     0 | D:1      | javelincjr the Djinni Conjurer began the quest for the Orb.
     0 | D:1      | javelincjr set off with the following spells memorised:
                  | Magic Dart, Searing Ray, Dazzling Flash, Fulminant Prism,
                  | Iskenderun's Mystic Blast.
     0 | D:1      | Reached XP level 1. HP: 15/15 MP: 0/0
   336 | D:1      | Reached XP level 2. HP: 19/21 MP: 0/0
   922 | D:2      | Reached XP level 3. HP: 22/26 MP: 0/0
   922 | D:2      | Learned a level 1 spell: Foxfire
  1345 | D:2      | Found a faded altar of an unknown god.
  2301 | D:3      | Reached XP level 4. HP: 18/31 MP: 0/0
  2446 | D:3      | Reached skill level 1 in Fighting
  2829 | D:3      | Reached skill level 1 in Armour
  2863 | D:3      | Found Neuz's Book Shop.
  3165 | D:4      | Found a shadowy altar of Dithmenos.
  3371 | D:4      | Reached XP level 5. HP: 31/38 MP: 0/0
  3371 | D:4      | Learned a level 2 spell: Passwall
  3628 | D:4      | Reached skill level 2 in Fighting
  3941 | D:4      | Noticed a kobold brigand
  3965 | D:4      | Killed a kobold brigand
  3966 | D:4      | Reached XP level 6. HP: 23/45 MP: 0/0
  5161 | D:5      | Entered Level 5 of the Dungeon
  5172 | D:5      | Reached skill level 3 in Fighting
  5178 | D:5      | Reached XP level 7. HP: 35/50 MP: 0/0
  5178 | D:5      | Learned a level 3 spell: Vampiric Draining
  5987 | D:5      | Noticed a water moccasin
  5997 | D:5      | Killed a water moccasin
  5998 | D:5      | Reached skill level 4 in Fighting
  5998 | D:5      | Reached XP level 8. HP: 50/58 MP: 0/0
  6154 | D:5      | Reached skill level 5 in Spellcasting
  6385 | D:5      | Found a snail-covered altar of Cheibriados.
  6790 | D:5      | Reached skill level 5 in Fighting
  7033 | D:5      | Found an ornate altar of the Wu Jian Council.
  7036 | D:5      | Found a sacrificial altar of Ru.
  7249 | D:6      | Reached XP level 9. HP: 53/65 MP: 0/0
  7249 | D:6      | Learned a level 3 spell: Mephitic Cloud
  7255 | D:6      | Found a glowing drain.
  7273 | D:6      | Reached skill level 5 in Dodging
  7281 | Sewer    | Entered a sewer
  7871 | D:6      | Reached skill level 6 in Fighting
  8830 | D:7      | Reached XP level 10. HP: 58/73 MP: 0/0
  8850 | D:7      | Reached skill level 7 in Fighting
  9037 | D:7      | Reached skill level 5 in Stealth
  9051 | D:7      | Reached skill level 5 in Armour
  9459 | D:7      | Found a corrupted altar of Lugonu.
  9461 | D:7      | Noticed a red ugly thing
  9487 | D:7      | Found a transporter.
  9490 | D:7      | Noticed a purple ugly thing
  9490 | D:7      | Noticed a purple ugly thing
  9493 | D:7      | Found a transporter.
  9725 | D:7      | Found a staircase to the Ecumenical Temple.
  9740 | Temple   | Entered the Ecumenical Temple
  9746 | Temple   | Became a worshipper of Hepliaklqana the Forgotten
  9890 | D:7      | Found a broken altar of Ashenzari.
 10353 | D:8      | Noticed a death yak
 10360 | D:8      | Noticed a death yak
 10367 | D:8      | Noticed a death yak
 10408 | D:8      | Killed a death yak
 10409 | D:8      | Reached skill level 8 in Fighting
 10412 | D:8      | Killed a death yak
 10413 | D:8      | Reached XP level 11. HP: 28/82 MP: 0/0
 10413 | D:8      | Learned a level 5 spell: Lightning Bolt
 10427 | D:8      | Killed a death yak
 10828 | D:8      | Found a staircase to the Lair.
 11415 | D:8      | Reached * piety under Hepliaklqana
 12170 | D:9      | Reached skill level 9 in Fighting
 12356 | D:9      | Found a burning altar of Makhleb.
 12824 | D:9      | Found a staircase to the Orcish Mines.
 13187 | D:9      | Slain by a yak

Illustrated notes

Levels and vault maps discovered:
D:1:      matt_arrival_grand_opening, layout_loops_ring,
          kennysheep_pointless_box
D:2:      layout_basic, basic_altar, shapermc_ecumenical_altar_ellora
D:3:      layout_basic, serial_shops, shop, grunt_ministairs_8
D:4:      minmay_diamond_boxcup, layout_layer_cave, old_standard_altar
D:5:      nicolae_cairo_tiling_very_big, layout_loops_ring,
          grunt_temple_overflow_diamond, mainiacjoe_overflow_24_doors,
          serial_undead, serial_undead_e, serial_undead_b, serial_undead_d,
          serial_undead_a, serial_undead_c
D:6:      layout_cave_pools, cheibrodos_sewer_entry_sluice,
          nicolae_ossuary_entry_ruins
D:7:      gammafunk_corrupted_shrine, layout_cave_pools,
          mainiacjoe_overflow_cross_hatched, minmay_temple_entry_mini_moons,
          minmay_door_square, minmay_fractal_squares_5
D:8:      layout_layer_cave, dpeg_lair_monsters, serial_bayou_lagoon_b
D:9:      layout_irregular_city, lemuel_tele_altar, david_orc_5,
          grunt_ministairs_6, eino_jars
Temple:   hellmonk_temple_two_chambers

Skill      XL: |  1  2  3  4  5  6  7  8  9 10 11 |
---------------+----------------------------------+-----
Stealth        | 2 3 4 5 6 |  6.3
Fighting       | 1 2 3 4 5 6 8 9 |  9.3
Armour         | 1 2 3 4 5 6 |  6.5
Dodging        | 3 4 5 7 |  7.7
Spellcasting   | 4 5 6 7 8 |  8.1

Action                   |  1- 3 |  4- 6 |  7- 9 | 10-12 || total
-------------------------+-------+-------+-------+-------++-------
Melee: Whip              |       |     6 |     2 |     5 ||    13
 Cast: Magic Dart        |    61 |    70 |     1 |     2 ||   134
       Searing Ray       |     2 |     6 |     1 |       ||     9
       Foxfire           |       |    69 |   187 |   224 ||   480
       Vampiric Draining |       |       |    51 |    43 ||    94
       Iskenderun's Myst |       |       |    16 |    10 ||    26
       Fulminant Prism   |       |       |     2 |     2 ||     4
       Mephitic Cloud    |       |       |       |     2 ||     2
       Lightning Bolt    |       |       |       |     6 ||     6
  Use: Scroll            |       |       |     2 |     8 ||    10
Armor: Robe              |     1 |     5 |    10 |     2 ||    18
       Steam dragon scal |       |       |       |    10 ||    10
Dodge: Dodged            |     2 |    12 |    36 |    39 ||    89
